 Dungeon Crawl Stone Soup version 0.28-a0-461-g2dc4ca5097 (webtiles) character file.

Game seed: 16218705098129914860

601 robertstho the Magician (level 7, -29/49 HPs)
             Began as a Djinni Fire Elementalist on Sept 13, 2021.
             Killed from afar by Ijyb (40 damage)
             ... with a bolt of acid
             ... on level 4 of the Dungeon.
             The game lasted 00:06:43 (6760 turns).

robertstho the Magician (Djinni Fire Elementalist)  Turns: 6760, Time: 00:06:44

Health: -29/49     AC:  3    Str:  7    XL:     7   Next: 69%
Gold:   179        EV: 12    Int: 18    God:
                   SH:  3    Dex: 14

rFire   + . .      SeeInvis .   n - +0 dagger
rCold   . . .      Faith    .   g - +0 buckler
rNeg    . . .      Spirit   .   a - +0 robe
rPois   ∞          Reflect  .   l - +0 helmet
rElec   .          Harm     .   (no cloak)
rCorr   .          Rampage  .   (no gloves)
Will    +....                   (boots unavailable)
Stlth   ++........              (no amulet)
HPRegen 0.16/turn               f - ring of ice
MPRegen 0.00/turn               p - ring of willpower

@: flying
A: sickness immunity, fire resistance 2, cold vulnerability 1, float, innate
caster, hp casting, extra vitality 1
a: no special abilities


You were on level 4 of the Dungeon.
You visited 1 branch of the dungeon, and saw 4 of its levels.

You collected 179 gold pieces.

Inventory:

Hand Weapons
 n - a +0 dagger (weapon)
Armour
 a - a +0 robe (worn)
 g - a +0 buckler (worn)
 l - a +0 helmet (worn)
 r - a +2 tower shield
Jewellery
 f - a ring of ice (left hand)
 p - a ring of willpower (right hand)
Wands
 i - a wand of acid (7)
Scrolls
 b - a scroll of vulnerability {unknown}
 e - a scroll of silence
 h - a scroll of teleportation
Potions
 c - a potion of attraction {unknown}
 d - a potion of degeneration {unknown}
 j - a potion of lignification {unknown}
 m - 3 potions of curing {unknown}
 o - a potion of berserk rage {unknown}
 q - a potion of resistance {unknown}


   Skills:
 * Level 2.1 Fighting
 + Level 2.7 Dodging
 + Level 2.2 Stealth
 + Level 0.4 Shields
 * Level 5.8 Spellcasting


You couldn't memorise any spells.
You knew the following spells:

 Your Spells              Type           Power      Damage    Failure   Level
a - Foxfire               Conj/Fire      100%       2x1d9     1%          1
b - Scorch                Fire           52%        2d8       2%          2
c - Conjure Flame         Conj/Fire      26%        6-21      5%          3
d - Inner Flame           Hex/Fire       26%        N/A       5%          3
e - Flame Wave            Conj/Fire      26%        3d6       17%         4
f - Shock                 Conj/Air       100%       1d9       1%          1
g - Blink                 Tloc           N/A        N/A       2%          2
h - Ensorcelled Hibernat  Hex/Ice        78%        N/A       2%          2
Your spell library was empty.

Dungeon Overview and Level Annotations

Branches:
Dungeon (4/15)
 Temple: D:4-7

Altars:
Ru

Annotations:
D:4 Ijyb


Innate Abilities, Weirdness & Mutations

You are immune to sickness and miasma.
You are immune to poison.
Your flesh is very heat resistant. (rF++)
You are vulnerable to cold. (rC-)
You float through the air rather than walking.
You learn spells naturally, not from books.
Your magical power is your life essence.
You have superior vitality. (+4 HP)


Message History

You feel a bit more experienced. (Press . to intensify the flame waves.)
* * * LOW HITPOINT WARNING * * *
Your Fighting skill increases to level 2!
Unknown command.
A wave of flame ripples out!
* * * LOW HITPOINT WARNING * * *
A goblin comes into view. It is wielding a +0 dagger.
A ball python comes into view.
Casting: Flame Wave (quite dangerous; 19% risk of failure)
Confirm with . or Enter, or press ? or * to list all spells.
You miscast Scorch.
You are very lightly contaminated with residual magic.
Nothing appears to happen.
* * * LOW HITPOINT WARNING * * *
Ijyb the Twisted Goblin comes into view.
She is wielding a +0 club and carrying a wand of acid (7).
Casting: Scorch (safe; 2% risk of failure)
Confirm with . or Enter, or press ? or * to list all spells.
Flames lash the goblin.
You kill the goblin!
Ijyb shouts!
* * * LOW HITPOINT WARNING * * *
You hear an angry hiss.
The ball python barely misses you. The ball python grabs you.
The ball python constricts you.
Things that are here:
a +0 dagger; a goblin corpse The ball python's grasp on you weakens, but your attempt to escape fails.
You block the ball python's attack. The ball python constricts you.
You escape the ball python's grasp.
Casting: Scorch (safe; 2% risk of failure)
Confirm with . or Enter, or press ? or * to list all spells.
Flames lash the ball python.
You kill the ball python!
* * * LOW HITPOINT WARNING * * *
Your magical contamination has completely faded away.
A giant cockroach comes into view.
Ijyb zaps a wand.
The bolt of acid hits you!!!
Ouch! That really hurt!
You die...

#.....#....##..........#
.#####...#.##...##..........##
+.....' #...#...##............
#.†.†.# #..##....(.)..........
#...).###..g.............#...#
.#..)#...#.#............## ..#
.......#..†##...........# ..
..........g##...........# #
...##......)#..B@.....#.#
#..#....##........<##.#.#
##.......##.#....#.##....
...>#.....#..###..#. ..
##..##.......... ## ###
........... .....#......
.#.##. .##.


You could see Ijyb and a giant cockroach.

Vanquished Creatures
  An ogre (D:4)
  A phantom (D:4)
  A scorpion (D:4)
  An iguana (D:4)
  An orc wizard (D:4)
  14 gnolls
  4 adders
  An ufetubus (D:4)
  2 worms
  5 dart slugs
  4 orcs (D:3)
  9 ball pythons
  8 bats
  2 endoplasms
  3 giant cockroaches
  37 goblins
  20 hobgoblins
  3 quokkas
  6 frilled lizards
  7 kobolds
  A rat (D:1)
131 creatures vanquished.

Vanquished Creatures (others)
  361 foxfires
361 creatures vanquished.

Grand Total: 492 creatures vanquished

Notes
Turn   | Place    | Note
-------+----------+-------------------------------------------
     0 | D:1      | robertstho the Djinni Fire Elementalist began the quest for
                  | the Orb.
     0 | D:1      | Reached XP level 1. HP: 15/15 MP: 0/0
   377 | D:1      | Reached XP level 2. HP: 13/21 MP: 0/0
  1069 | D:1      | Reached XP level 3. HP: 21/25 MP: 0/0
  1069 | D:1      | Learned a level 1 spell: Shock
  1173 | D:1      | Reached skill level 3 in Spellcasting
  2282 | D:2      | Reached XP level 4. HP: 10/31 MP: 0/0
  2924 | D:2      | Found a sacrificial altar of Ru.
  3712 | D:2      | Reached XP level 5. HP: 33/36 MP: 0/0
  3712 | D:2      | Learned a level 2 spell: Blink
  4158 | D:3      | Reached skill level 4 in Spellcasting
  4790 | D:3      | Reached skill level 1 in Fighting
  5009 | D:3      | Reached XP level 6. HP: 39/42 MP: 0/0
  5613 | D:3      | Found a faded altar of an unknown god.
  6594 | D:4      | Reached skill level 5 in Spellcasting
  6635 | D:4      | Reached XP level 7. HP: 40/47 MP: 0/0
  6635 | D:4      | Learned a level 2 spell: Ensorcelled Hibernation
  6747 | D:4      | Noticed Ijyb
  6760 | D:4      | Killed from afar by Ijyb

Illustrated notes

Levels and vault maps discovered:
D:1:      dpeg_cavernosity, layout_loops_ring
D:2:      layout_basic, basic_altar, kennysheep_generic_room_14
D:3:      minmay_goblin_kobold_castle, layout_basic, basic_ecumenical_altar,
          serial_co_window_serial, co_window_of_opportunity_a,
          co_window_of_opportunity_a, co_window_corner_a,
          co_window_of_opportunity_a, co_window_corner_a, co_window_corner_a,
          co_window_corner_a, co_window_broadway_c, co_window_of_opportunity_c,
          co_window_unsneaky_path_b, co_window_corner_b, co_window_broadway_b,
          glass_columns_a, kennysheep_nondescript
D:4:      layout_cave_pools, minmay_fractal_squares_diagonal_5,
          uniq_crazy_yiuf_cottage, uniq_ijyb

Skill      XL: |  1  2  3  4  5  6  7 |
---------------+----------------------+-----
Spellcasting   | 3 4 5 |  5.8
Stealth        | 2 |  2.2
Fighting       | 1 2 |  2.1
Dodging        | |  2.7
Shields        | |  0.4

Action                   |  1- 3 |  4- 6 |  7- 9 || total
-------------------------+-------+-------+-------++-------
Melee: Unarmed           |     2 |     3 |       ||     5
       Dagger            |       |    22 |       ||    22
 Cast: Foxfire           |    70 |   143 |     5 ||   218
       Scorch            |    18 |    44 |     7 ||    69
       Flame Wave        |       |       |     2 ||     2
  Use: Scroll            |       |     3 |       ||     3
Armor: Robe              |     8 |    15 |     2 ||    25
Dodge: Dodged            |    13 |    33 |     3 ||    49
Block: Buckler           |     2 |    10 |     2 ||    14

Table legend: (Time is in decaauts)
 A = Elapsed time spent in this place.
 B = Non-inter-level travel time spent in this place.
 C = Inter-level travel time spent in this place.
 D = Time resting spent in this place.
 E = Time spent auto-exploring this place.
 F = Levels seen in this place.
 G = Mean time per level.
                   A        B        C        D        E       F      G
               +--------+--------+--------+--------+--------+-----+--------+
         Total |   6761 |   6557 |    204 |    449 |   5386 |   4 | 1690.2 |
       Dungeon |   6761 |   6557 |    204 |    449 |   5386 |   4 | 1690.2 |
               +--------+--------+--------+--------+--------+-----+--------+

Top non-repeatable levels by time:
     D:3: 2729 daAuts
     D:1: 2515 daAuts
     D:2: 1309 daAuts
     D:4: 206 daAuts
